 Dungeon Crawl Stone Soup version 0.30-a0-800-g7c544603b3 (webtiles) character file.

Game seed: 12953672501921899087

22 theblackgale the Sneak (level 2, -4/17 HPs)
             Began as an Octopode Enchanter on Feb 14, 2023.
             Slain by a gnoll
             ... wielding a +0 flail
              (6 damage)
             ... on level 3 of the Dungeon on Feb 22, 2023.
             The game lasted 00:02:52 (195 turns).

theblackgale the Sneak (Octopode Enchanter)          Turns: 195, Time: 00:02:52

Health: -4/17      AC:  1    Str:  7    XL:     2   Next: 91%
Magic:  5/5        EV: 13    Int: 17    God:
Gold:   26         SH:  0    Dex: 12    Spells: 5/5 levels left

rFire   . . .      SeeInvis .    a - +1 dagger
rCold   . . .      Faith    .    (no shield)
rNeg    . . .      Spirit   .    (helmet restricted)
rPois   .          Reflect  .    (no amulet)
rElec   .          Harm     .    (no ring)
rCorr   .          Rampage  .    (no ring)
Will    .....                    (no ring)
Stlth   ++++                     (no ring)
HPRegen 0.22/turn                (no ring)
MPRegen 0.09/turn                (no ring)
                                 (no ring)
                                 (no ring)

@: no status effects
A: almost no armour, amphibious, 8 rings, camouflage 1, gelatinous body 1,
(nimble swimmer 1), tentacles
a: no special abilities


You were on level 3 of the Dungeon.
You visited 1 branch of the dungeon, and saw 3 of its levels.

You collected 26 gold pieces.

Inventory:

Hand Weapons
 a - a +1 dagger (weapon)
Potions
 b - 2 potions of invisibility


   Skills:
 + Level 1.0 Short Blades
 + Level 2.0 Dodging
 + Level 4.3 Stealth
 + Level 2.1 Spellcasting
 + Level 3.7 Hexes


You had 5 spell levels left.
You didn't know any spells.
Your spell library contained the following spells:

 Spells                   Type           Power      Damage    Failure   Level
 Confusing Touch          Hex            14%        N/A       12%         3
 Tukima's Dance           Hex            14%        N/A       12%         3
 Ensorcelled Hibernation  Hex/Ice        16%        N/A       14%         2
 Dazzling Flash           Conj/Hex       16%        N/A       26%         3


Dungeon Overview and Level Annotations

Branches:
Dungeon (3/15)

Altars:


Innate Abilities, Weirdness & Mutations

You cannot wear most types of armour.
You are amphibious.
You can wear up to eight rings at the same time.
Your skin changes colour to match your surroundings (Stealth+).
Your rubbery body absorbs attacks. (AC +1, EV +1)
((You are camouflaged when in or above water. (Stealth+)))
You have tentacles for arms and can constrict up to eight enemies at once.


Message History

There is a stone staircase leading up here.
The helpless adder fails to defend itself.
You puncture the adder!
You kill the adder!
A rat and 2 gnolls come into view.
The helpless goblin fails to defend itself.
You puncture the goblin!
You kill the goblin!
The gnoll shouts!
A howler monkey comes into view.
A gnoll comes into view. It is wielding a +0 flail.
The rat barely misses you.
The howler monkey moves out of view.
The gnoll shouts!
You hit the rat.
You kill the rat!
You hear a shout!
A gnoll comes into view. It is wielding a +0 flail.
You hear a howl!
You see here a scroll labelled FAKIM VEHAE.
d - a scroll labelled FAKIM VEHAE You closely miss the gnoll.
You grab the gnoll.
You constrict the gnoll, but do no damage.
The gnoll barely misses you.
You hit the gnoll but do no damage. You constrict the gnoll.
The gnoll hits you with a +0 flail! The gnoll hits you with a +0 whip!
* * * LOW HITPOINT WARNING * * *
The howler monkey howls!
You hit the gnoll but do no damage. You squeeze the gnoll!
The gnoll is severely wounded.
You constrict the gnoll, but do no damage.
The gnoll barely misses you. x2
As you read the scroll labelled EHOPAF QORGH, it crumbles to dust.
It is a scroll of enchant armour.
You aren't carrying any armour which can be enchanted further.
You constrict the gnoll, but do no damage.
The gnoll closely misses you.
As you read the scroll labelled FAKIM VEHAE, it crumbles to dust.
The scroll dissolves into smoke.
It was a scroll of fog.
You constrict the gnoll. The gnoll hits you with a +0 flail.
You die...

#### #...#
##..##
#.....##########
#..§§§§§......#
#...§@g#......#
##..§gg#......#
###...h.......
#...<.g.....
##).###...##
#..# #..# ##..#
.. #..# #...


You could see a howler monkey and 4 gnolls.

Vanquished Creatures
  An adder (D:3)
  A dart slug (D:1)
  An endoplasm (D:1)
  2 giant cockroaches (D:1)
  A goblin (D:3)
  A quokka (D:1)
  2 bats
  2 frilled lizards (D:1)
  A rat (D:3)
12 creatures vanquished.

Notes
Turn   | Place    | Note
-------+----------+-------------------------------------------
     0 | D:1      | theblackgale the Octopode Enchanter began the quest for the
                  | Orb.
     0 | D:1      | Reached XP level 1. HP: 11/11 MP: 3/3
    90 | D:1      | Upgraded the game from 0.30-a0-777-ga9a30cbeda to
                  | 0.30-a0-800-g7c544603b3
    94 | D:1      | Reached XP level 2. HP: 16/17 MP: 5/5
   181 | D:3      | Noticed a howler monkey
   195 | D:3      | Slain by a gnoll

Illustrated notes

Levels and vault maps discovered:
D:1:      eino_arrival_cavern_a, layout_basic, hangedman_decor_clover_reticule
D:2:      layout_rooms, serial_corexii_hall, chequers_hall_statues_corner_a,
          corexii_hall_statues_x, corexii_hall_statues_s,
          corexii_hall_statues_u, corexii_hall_statues_t,
          corexii_hall_statues_x, serial_shops, nicolae_shop_advertising_works
          [nicolae_subvault_shop_adworks], basic_altar
D:3:      layout_rooms, reono_crystal_passage

Action                     || total
---------------------------++-------
  Melee: Dagger            ||    17
         Constrict         ||     3
         Tentacles         ||     4
    Use: Scroll            ||     2
   Stab: Sleeping          ||     7
 Armour: Skin              ||     2
  Dodge: Dodged            ||     7

Table legend: (Time is in decaauts)
 A = Elapsed time spent in this place.
 B = Non-inter-level travel time spent in this place.
 C = Inter-level travel time spent in this place.
 D = Time resting spent in this place.
 E = Time spent auto-exploring this place.
 F = Levels seen in this place.
 G = Mean time per level.
                   A        B        C        D        E       F      G
               +--------+--------+--------+--------+--------+-----+--------+
         Total |    193 |     89 |    104 |      0 |      0 |   3 |   64.3 |
       Dungeon |    193 |     89 |    104 |      0 |      0 |   3 |   64.3 |
               +--------+--------+--------+--------+--------+-----+--------+

Top non-repeatable levels by time:
     D:1: 140 daAuts
     D:2: 35 daAuts
     D:3: 17 daAuts
